 Dungeon Crawl Stone Soup version 0.29.1-15-g9cfb28693d (webtiles) character file.

Game seed: 1849078640596882481

1993 dudediamond6 the Cleaver (level 9, -3/70 (79) HPs)
             Began as a Hill Orc Fighter on Mar 24, 2023.
             Was a Believer of Beogh.
             Slain by a wight
             ... wielding a +4 scimitar
              (17 damage)
             ... on level 6 of the Dungeon.
             The game lasted 00:07:44 (6315 turns).

dudediamond6 the Cleaver (Hill Orc Fighter)         Turns: 6315, Time: 00:07:45

HP:   -3/70 (79)    AC: 12    Str: 23    XL:     9   Next: 21%
MP:   12/12         EV:  8    Int: 14    God:    Beogh [**....]
Gold: 301           SH:  8    Dex: 10    Spells: 8/8 levels left

rFire   . . .      SeeInvis .   m - +3 war axe
rCold   . . .      Faith    .   g - +0 kite shield
rNeg    . . .      Spirit   .   b - +0 scale mail
rPois   .          Reflect  .   c - +0 helmet
rElec   .          Harm     .   (no cloak)
rCorr   .          Rampage  .   (no gloves)
Will    .....                   (no boots)
Stlth   ..........              (no amulet)
HPRegen 0.21/turn               f - +4 ring of protection
MPRegen 0.13/turn               o - +6 ring of intelligence

@: heavily drained
A: no striking features
a: Renounce Religion, Smiting


You were on level 6 of the Dungeon.
You worshipped Beogh.
Beogh was pleased with you.
You visited 1 branch of the dungeon, and saw 6 of its levels.

You collected 301 gold pieces.

Inventory:

Hand Weapons
 m - a +3 war axe (weapon)
Armour
 b - a +0 scale mail (worn)
 c - a +0 helmet (worn)
 g - a +0 kite shield (worn)
Jewellery
 f - a +4 ring of protection (left hand)
 o - a +6 ring of intelligence (right hand)
Wands
 d - a wand of digging (11)
 e - a wand of flame (37) (quivered)
Scrolls
 j - a scroll of enchant armour {unknown}
 k - a scroll of blinking
 l - 3 scrolls of teleportation
 n - a scroll of vulnerability
 p - 2 scrolls of identify
 r - a scroll of amnesia {unknown}
 s - 3 scrolls of fog {unknown}
Potions
 a - 2 potions of heal wounds {unknown}
 h - 3 potions of curing
 i - a potion of berserk rage
 q - a potion of flight {unknown}
 t - a potion of cancellation {unknown}


   Skills:
 * Level 7.1 Fighting
 * Level 10.8 Axes
 + Level 5.8 Armour
 + Level 4.8 Shields
 * Level 5.1 Invocations


You had 8 spell levels left.
You didn't know any spells.
Your spell library was empty.

Dungeon Overview and Level Annotations

Branches:
Dungeon (6/15)             Temple (0/1) D:5

Altars:
Ashenzari
Sif Muna


Message History

Things that are here:
a +0 hand axe; a +0 robe You completely miss the wight.
The wight hits you with a +5 long sword!
You hit the wight but do no damage.
The wight hits you with a +5 long sword.
You barely miss the wight.
The wight hits you with a +5 long sword!
You feel drained.
You are too injured to fight recklessly!
You are too injured to fight recklessly!
You slash the wight!
The wight is heavily damaged.
The wight hits you with a +5 long sword.
You feel drained.
* * * LOW HITPOINT WARNING * * *
You hit the wight.
The wight is severely damaged.
You block the wight's attack.
You slice the wight!!
You destroy the wight!
Beogh accepts your kill.
You slash the wight!
The wight is severely damaged.
You block the wight's attack.
You hit the wight.
You destroy the wight!
Beogh accepts your kill.
You hit the wight.
The wight is moderately damaged.
The wight hits you with a +4 scimitar!
* * * LOW HITPOINT WARNING * * *
You feel drained.
* * * LOW HITPOINT WARNING * * *
The wight hits you with a +4 scimitar.
* * * LOW HITPOINT WARNING * * *
You feel drained.
* * * LOW HITPOINT WARNING * * *
You feel better. The wight hits you with a +4 scimitar!
You die...

# . ##.# # #..#..#
##..#..# #..._..#
#...#..# #...#..# #
##..###.# .# #
#...###z# ..# ##
####.#.###@###..#
.# #..............#
.# #........#..####
.# #.)......#.## .#
#........#.#######
.#
#........#.......#
.#
#........#.......#
.#
#....)...#.......#
.#
##................#


You could see a wight.

Vanquished Creatures
  Sigmund (D:6)
  Menkaure (D:5)
  Duvessa (D:5)
  3 black bears
  3 ogres
  A bullfrog (D:6)
  A gnoll sergeant (D:6)
  A necrophage (D:6)
  A scorpion (D:5)
  3 wights (D:6)
  Dowan (D:5)
  3 hounds
  2 orc priests (D:3)
  Jessica (D:3)
  3 iguanas
  Ijyb (D:5)
  3 orc wizards
  Natasha (thrice) (D:3)
  6 gnolls
  4 adders
  A white imp (D:5)
  An ufetubus (D:6)
  2 worms
  A dart slug (D:2)
  31 orcs
  2 endoplasms
  2 giant cockroaches (D:4)
  7 goblins
  3 hobgoblins
  5 quokkas
  4 ball pythons (D:1)
  4 bats
  2 frilled lizards
  6 kobolds
  3 rats
117 creatures vanquished.

Vanquished Creatures (others)
  An endoplasm (D:2)
  A goblin (D:2)
  9 fungi (D:4)
  A plant (D:1)
12 creatures vanquished.

Grand Total: 129 creatures vanquished

Notes
Turn   | Place    | Note
-------+----------+-------------------------------------------
     0 | D:1      | dudediamond6 the Hill Orc Fighter began the quest for the
                  | Orb.
     0 | D:1      | Reached XP level 1. HP: 19/19 MP: 1/1
   187 | D:1      | Reached XP level 2. HP: 11/27 MP: 2/2
   367 | D:1      | Reached skill level 3 in Axes
   821 | D:1      | Found a faded altar of an unknown god.
  1046 | D:1      | Reached XP level 3. HP: 33/33 MP: 3/3
  1274 | D:2      | Found a shimmering blue altar of Sif Muna.
  1311 | D:2      | Became a worshipper of Beogh the Brigand
  1905 | D:3      | Noticed Natasha
  1919 | D:3      | Killed Natasha
  1920 | D:3      | Reached skill level 4 in Axes
  1920 | D:3      | Reached XP level 4. HP: 28/41 MP: 4/4
  2142 | D:3      | Noticed Jessica
  2149 | D:3      | Killed Jessica
  2150 | D:3      | Reached skill level 1 in Invocations
  2437 | D:3      | Reached XP level 5. HP: 25/47 MP: 5/5
  2441 | D:3      | Reached skill level 5 in Axes
  2796 | D:3      | Noticed Natasha
  2802 | D:3      | Killed Natasha
  2821 | D:3      | Noticed Natasha
  3006 | D:3      | Killed Natasha
  3007 | D:3      | Reached XP level 6. HP: 55/55 MP: 7/7
  3392 | D:4      | Identified the +8 dagger "Xytuu" {vorpal, rCorr Int+4 SInv}
  3429 | D:4      | Reached * piety under Beogh
  3429 | D:4      | Noticed a black bear
  3435 | D:4      | Killed a black bear
  3436 | D:4      | Reached skill level 5 in Fighting
  3436 | D:4      | Reached skill level 6 in Axes
  4107 | D:5      | Entered Level 5 of the Dungeon
  4191 | D:5      | Reached skill level 7 in Axes
  4191 | D:5      | Reached XP level 7. HP: 54/61 MP: 7/9
  4243 | D:5      | Noticed Menkaure
  4253 | D:5      | Killed Menkaure
  4300 | D:5      | Reached skill level 8 in Axes
  4435 | D:5      | Reached XP level 8. HP: 41/70 MP: 10/10
  4678 | D:5      | Noticed Dowan
  4679 | D:5      | Noticed Duvessa
  4693 | D:5      | Killed Duvessa
  4696 | D:5      | Killed Dowan
  4867 | D:5      | Noticed Ijyb
  4877 | D:5      | Killed Ijyb
  5085 | D:5      | Found a staircase to the Ecumenical Temple.
  5199 | D:5      | Reached skill level 9 in Axes
  5199 | D:5      | Reached skill level 5 in Armour
  5468 | D:6      | Reached ** piety under Beogh
  5732 | D:6      | Noticed Sigmund
  5735 | D:6      | Reached skill level 10 in Axes
  6002 | D:6      | Killed Sigmund
  6003 | D:6      | Reached XP level 9. HP: 56/78 MP: 12/12
  6177 | D:6      | Reached skill level 5 in Invocations
  6296 | D:6      | Found a broken altar of Ashenzari.
  6315 | D:6      | Slain by a wight

Illustrated notes

Levels and vault maps discovered:
D:1:      scummos_arrival_simple_fountains, layout_loops_cross,
          shapermc_ecumenical_altar_hornbeckon, nicolae_grassy_gnolls
D:2:      cheibrodos_pilgrimage, layout_basic, basic_altar, serial_shops, shop
D:3:      layout_basic, st_stairs_14, uniq_natasha, uniq_jessica
D:4:      layout_loops_ring, serial_aquarium, aquarium_bridge_square
          [aquarium_subvault_wall, aquarium_subvault_window,
          aquarium_subvault_wall, aquarium_subvault_bridge], aquarium_window_3,
          aquarium_window_2, aquarium_window_fake, aquarium_window_2,
          aquarium_view_2b, aquarium_view_2b, aquarium_balcony_3b
D:5:      nicolae_cairo_tiling_very_big, layout_loops_ring,
          minmay_temple_entry_from_below_a, serial_glass, glass_columns_a,
          glass_columns_c, glass_columns_b, glass_columns_c, glass_columns_a,
          glass_columns_a, glass_columns_a, glass_columns_a, glass_columns_a,
          glass_columns_b, glass_columns_a, glass_columns_a, glass_columns_a,
          glass_columns_c, grunt_decor_one_mirror, uniq_menkaure, uniq_ijyb,
          uniq_duvessa
D:6:      layout_rooms, cheibrodos_ashenzari_chains, uniq_sigmund

Skill      XL: |  1  2  3  4  5  6  7  8  9 |
---------------+----------------------------+-----
Fighting       | 4 5 6 7 |  7.1
Axes           | 3 4 5 7 8 10 | 10.8
Invocations    | 1 2 3 4 5 |  5.1
Shields        | 4 |  4.8
Armour         | 4 5 |  5.8

Action                   |  1- 3 |  4- 6 |  7- 9 || total
-------------------------+-------+-------+-------++-------
Melee: War axe           |    94 |    78 |   166 ||   338
Invok: Convert to Beogh  |     1 |       |       ||     1
  Use: Scroll            |       |     4 |       ||     4
       Potion            |       |       |     5 ||     5
Armor: Scale mail        |    61 |    41 |    74 ||   176
Dodge: Dodged            |    40 |    25 |    58 ||   123
Block: Buckler           |    10 |       |       ||    10
       Kite shield       |    42 |    30 |    65 ||   137
